 Dungeon Crawl Stone Soup version 0.30-a0-719-gcc4359ea44 (webtiles) character file.

Game seed: 2197569199210792030

459 Dittersdorf the Shield-Bearer (level 7, -2/44 HPs)
             Began as a Gargoyle Fighter on Jan 26, 2023.
             Slain by a gnoll
             ... wielding a +0 halberd
              (9 damage)
             ... on level 5 of the Dungeon.
             The game lasted 00:04:53 (3674 turns).

Dittersdorf the Shield-Bearer (Gargoyle Fighter)    Turns: 3674, Time: 00:04:54

Health: -2/44      AC: 13    Str: 22    XL:     7   Next: 6%
Magic:  7/7        EV:  9    Int:  8    God:
Gold:   174        SH:  4    Dex:  9    Spells: 6/6 levels left

rFire   . . .      SeeInvis .    a - +1 flail
rCold   + . .      Faith    .    c - +0 buckler
rNeg    + . .      Spirit   .    b - +0 scale mail
rPois   ∞          Reflect  .    (no helmet)
rElec   +          Harm     .    (no cloak)
rCorr   .          Rampage  .    (no gloves)
Will    .....                    e - +0 pair of boots Stlth
                                 (no amulet)
HPRegen 0.27/turn                u - ring of protection from cold
MPRegen 0.10/turn                (no ring)

@: no status effects
A: sickness immunity, AC +4, negative energy resistance 1, electricity
resistance, torment resistance 1, petrification resistance
a: no special abilities


You were on level 5 of the Dungeon.
You visited 1 branch of the dungeon, and saw 5 of its levels.

You collected 174 gold pieces.

Inventory:

Hand Weapons
 a - a +1 flail (weapon)
Missiles
 r - 5 poisoned darts (quivered)
Armour
 b - a +0 scale mail (worn)
 c - a +0 buckler (worn)
 e - a +0 pair of boots (worn)
Jewellery
 u - a ring of protection from cold (left hand)
Wands
 j - a wand of flame (16)
Scrolls
 g - a scroll of poison
 l - a scroll of teleportation
Potions
 d - 2 potions of might
 f - a potion of invisibility {unknown}
 h - a potion of cancellation {unknown}
 i - 2 potions of brilliance {unknown}
 k - 3 potions of curing {unknown}
 m - 2 potions of attraction {unknown}
 o - 2 potions of lignification {unknown}
 q - a potion of haste
 s - 2 potions of flight
 t - a potion of heal wounds


   Skills:
 + Level 5.0 Fighting
 + Level 4.0 Maces & Flails
 + Level 5.0 Armour
 + Level 5.1 Shields


You had 6 spell levels left.
You didn't know any spells.
Your spell library contained the following spells:

 Spells                   Type           Power      Damage    Failure   Level
 Freeze                   Ice            0%         1d3       80%         1
 Dazzling Flash           Conj/Hex       0%         N/A       99%         3
 Frozen Ramparts          Ice            0%         1d1       99%         3
 Hailstorm                Conj/Ice       0%         3d3       99%         3
 Agony                    Necr           0%         N/A       100%        5
 Silence                  Hex/Air        0%         N/A       100%        5


Dungeon Overview and Level Annotations

Branches:
Dungeon (5/15)
 Temple: D:4-7

Altars:
Ashenzari
Cheibriados
Dithmenos
Nemelex Xobeh
Uskayaw


Innate Abilities, Weirdness & Mutations

You are immune to sickness and miasma.
Your stone body is resilient. (AC +4)
You are immune to poison.
You resist negative energy. (rN+)
You are resistant to electric shocks. (rElec)
You are resistant to unholy torment.
You are immune to petrification.


Message History

Your Maces & Flails skill increases to level 4!
You are too injured to fight recklessly!
You are too injured to fight recklessly!
You are too injured to fight recklessly!
You are too injured to fight recklessly!
You are too injured to fight recklessly!
You are too injured to fight recklessly!
You are too injured to fight recklessly!
You are too injured to fight recklessly!
You are too injured to fight recklessly!
You are too injured to fight recklessly!
You are too injured to fight recklessly!
You are too injured to fight recklessly!
You are too injured to fight recklessly!
You are too injured to fight recklessly!
You are too injured to fight recklessly!
You are too injured to fight recklessly!
You are too injured to fight recklessly!
The gnoll hits you with a +0 spear.
The gnoll hits you from afar with a +0 halberd.
You closely miss the gnoll. The gnoll hits you but does no damage.
The gnoll barely misses you.
You hit the gnoll but do no damage. The gnoll hits you with a +0 spear.
The gnoll closely misses you.
You barely miss the gnoll. You block the gnoll's attack.
The gnoll barely misses you.
You sock the gnoll!
The gnoll is severely wounded.
The gnoll hits you but does no damage.
The gnoll hits you from afar with a +0 halberd.
You sock the gnoll!
You kill the gnoll!
The gnoll hits you from afar with a +0 halberd!
* * * LOW HITPOINT WARNING * * *
The gnoll misses you. You block the gnoll's attack.
The gnoll hits you but does no damage.
Things that are here:
a +0 spear; a gnoll corpse The gnoll hits you from afar with a +0 halberd!
You die...

#......###+###
#......###.#
#.......†..#
#.......####
#.......#
#######.# #.#
#.# #@# #)#
#g# #g# #.#
≈.....).#
≈........
≈.......#.
........#.#


You could see 2 gnolls.

Vanquished Creatures
  A scorpion (D:4)
  A hound (D:5)
  An orc priest (D:3)
  2 iguanas (D:4)
  3 orc wizards
  5 gnolls
  4 adders
  A white imp (D:4)
  3 worms
  A dart slug (D:4)
  11 orcs
  9 ball pythons
  4 bats
  3 endoplasms
  3 giant cockroaches
  10 goblins
  6 hobgoblins
  19 jackals
  3 quokkas
  2 frilled lizards
  9 kobolds
  3 rats
104 creatures vanquished.

Vanquished Creatures (others)
  A plant (D:4)
1 creature vanquished.

Grand Total: 105 creatures vanquished

Notes
Turn   | Place    | Note
-------+----------+-------------------------------------------
     0 | D:1      | Dittersdorf the Gargoyle Fighter began the quest for the
                  | Orb.
     0 | D:1      | Reached XP level 1. HP: 14/14 MP: 1/1
   100 | D:1      | Reached XP level 2. HP: 13/19 MP: 2/2
   309 | D:1      | Reached XP level 3. HP: 23/23 MP: 3/3
   805 | D:2      | HP: 1/24 [gnoll/+0 spear (7)]
   807 | D:2      | Reached XP level 4. HP: 2/29 MP: 4/4
  1454 | D:3      | Found a snail-covered altar of Cheibriados.
  1454 | D:3      | Found a hide-covered altar of Uskayaw.
  1561 | D:3      | Found a faded altar of an unknown god.
  1744 | D:3      | Reached XP level 5. HP: 32/33 MP: 5/5
  1760 | D:3      | Found a shadowy altar of Dithmenos.
  1761 | D:3      | Found a sparkling altar of Nemelex Xobeh.
  2512 | D:4      | Reached XP level 6. HP: 36/39 MP: 6/6
  2538 | D:4      | Found a broken altar of Ashenzari.
  3317 | D:5      | Entered Level 5 of the Dungeon
  3460 | D:4      | Reached skill level 5 in Shields
  3647 | D:5      | Reached skill level 5 in Fighting
  3647 | D:5      | Reached skill level 5 in Armour
  3647 | D:5      | Reached XP level 7. HP: 44/44 MP: 7/7
  3674 | D:5      | Slain by a gnoll

Illustrated notes

Levels and vault maps discovered:
D:1:      lemuel_arrival_behind_the_door_small, layout_rooms,
          wad_floor_pattern_1, feat_on_display
D:2:      layout_rooms, minmay_bisected
D:3:      layout_basic, chequers_temple_overflow_statue_of_worship,
          dreamdust_ecumenical_altar_angels_and_demons
D:4:      layout_loops_ring, cheibrodos_ashenzari_chains, serial_bayou_pond_a,
          nicolae_underground_beach
D:5:      minmay_octagon_keep, layout_basic, lemuel_round_altar,
          mainiacjoe_overflow_boulevard

Skill      XL: |  1  2  3  4  5  6  7 |
---------------+----------------------+-----
Shields        | 4 5 |  5.1
Fighting       | 4 5 |  5.0
Armour         | 4 5 |  5.0
Maces & Flails | 3 4 |  4.0

Action                     |  1- 3 |  4- 6 |  7- 9 || total
---------------------------+-------+-------+-------++-------
  Melee: Flail             |   147 |   278 |    10 ||   435
    Use: Scroll            |       |    10 |       ||    10
 Armour: Scale mail        |   129 |   189 |     8 ||   326
  Dodge: Dodged            |    96 |   132 |    12 ||   240
  Block: Buckler           |    41 |    60 |     4 ||   105

Table legend: (Time is in decaauts)
 A = Elapsed time spent in this place.
 B = Non-inter-level travel time spent in this place.
 C = Inter-level travel time spent in this place.
 D = Time resting spent in this place.
 E = Time spent auto-exploring this place.
 F = Levels seen in this place.
 G = Mean time per level.
                   A        B        C        D        E       F      G
               +--------+--------+--------+--------+--------+-----+--------+
         Total |   3812 |   3639 |    173 |    546 |   2089 |   5 |  762.4 |
       Dungeon |   3812 |   3639 |    173 |    546 |   2089 |   5 |  762.4 |
               +--------+--------+--------+--------+--------+-----+--------+

Top non-repeatable levels by time:
     D:4: 1045 daAuts
     D:3: 1030 daAuts
     D:1: 953 daAuts
     D:2: 554 daAuts
     D:5: 229 daAuts
